Map: Oxide LE

Players

TheAbbott - Winner!

  • Race: Terran Terran
  • League: Platinum

Rome

  • Race: Protoss Protoss
  • League: Platinum

VOD

Have the link to the VOD?

Description

Time

  • Played on: July 24, 2021, 11 p.m.
  • Length: 6:25
Show
View Real Time Build Order
Export as new Build Order

TheAbbott Terran - Winner!

Build Orders: 1/1/1 

Get SALT Encoding   

  12  0:00  SCV  
  13  0:12  SCV  
  14  0:17  Supply Depot  
  14  0:25  SCV  
  15  0:38  SCV  
  15  0:42  Barracks  
  16  0:47  Refinery  
  16  0:50  SCV  
  16  0:52  Refinery  
  17  1:06  SCV  
  18  1:18  SCV  
  19  1:28  Marine  
  20  1:33  Factory  
  20  1:34  Orbital Command  
  20  1:42  Supply Depot  
  20  1:46  Marine  
  22  2:01  SCV  
  22  2:09  Marine  
  22  2:13  SCV  
  24  2:19  Starport  
  24  2:23  Factory Tech Lab  
  24  2:29  Supply Depot  
  25  2:30  SCV  
  25  2:31  Marine  
  26  2:42  SCV, Siege Tank  
  30  2:49  Marine  
  31  2:56  Medivac  
  33  3:00  Supply Depot  
  33  3:14  Siege Tank  
  36  3:21  Marine  
  36  3:26  Medivac  
  39  3:39  Marine  
  40  3:50  Command Center  
  40  3:56  Marine  
  41  4:11  Starport Reactor  
  41  4:32  Barracks  
  41  4:33  Factory Reactor  
  41  4:35  Engineering Bay, Barracks  
  41  4:37  Engineering Bay  
  41  4:40  Marine  
  41  4:41  Stimpack  
  41  4:44  SCV  
  44  6:21  Factory Tech Lab  
  44  6:23  Starport Reactor  
Show
View Real Time Build Order
Export as new Build Order

Rome Protoss 

Build Orders:  

Get SALT Encoding   

  12  0:00  Probe  
  13  0:12  Probe  
  14  0:17  Pylon  
  14  0:24  Probe  
  15  0:36  Probe (Chrono Boost)  
  15  0:38  Gateway  
  16  0:44  Assimilator  
  16  0:47  Probe (Chrono Boost)  
  17  0:53  Probe (Chrono Boost)  
  18  1:02  Assimilator  
  18  1:05  Probe  
  19  1:12  Gateway  
  19  1:17  Probe  
  20  1:25  Cybernetics Core  
  20  1:30  Probe  
  21  1:36  Pylon  
  21  1:42  Probe  
  22  1:54  Probe  
  22  1:59  Stalker (Chrono Boost)  
  25  2:03  Warp Gate  
  25  2:08  Probe, Stalker (Chrono Boost)  
  28  2:19  Pylon  
  28  2:20  Probe  
  29  2:40  Nexus  
  29  2:45  Stalker  
  31  2:53  Stalker  
  33  3:02  Probe  
  34  3:15  Probe  
  34  3:19  Robotics Facility  
  34  3:27  Probe  
  34  3:33  Gateway  
  34  3:37  Forge  
  34  3:39  Probe  
  35  3:51  Probe (Chrono Boost)  
  36  3:56  Probe (Chrono Boost)  
  38  4:04  Probe (Chrono Boost)  
  38  4:06  Protoss Ground Weapons Level 1 (Chrono Boost)  
  38  4:08  Probe (Chrono Boost)  
  39  4:10  Probe (Chrono Boost)  
  39  4:11  Robotics Bay  
  40  4:19  Sentry x2  
  40  4:21  Observer  
  45  4:28  Probe x2  
  47  4:33  Pylon  
  47  4:40  Probe x2  
  47  4:43  Assimilator  
  49  4:45  Stalker x2  
  53  4:56  Zealot  
  49  5:15  Zealot  
  49  5:16  Zealot x2  
  40  5:33  Stalker x2  
  44  5:36  Stalker  
  40  6:06  Pylon  
  40  6:08  Pylon  
Tags
 
Add a new tag
Caveats
  • Supply blocks, unpowered buildings, or Contaminate may cause inaccurate times.
  • Supply counts are checked every 10 seconds.